 Dungeon Crawl Stone Soup version 0.20.0-15-g7f486f2 (webtiles) character file.

77 botchamania the Changer (level 4, -5/28 HPs)
             Began as an Octopode Transmuter on June 27, 2017.
             Was an Initiate of Cheibriados.
             Slain by a crocodile (17 damage)
             ... in a sewer.
             The game lasted 00:08:14 (3048 turns).

botchamania the Changer (Octopode Transmuter)       Turns: 3048, Time: 00:08:15

Health: -5/28      AC:  2    Str: 10    XL:     4   Next: 33%
Magic:  4/7        EV: 20    Int: 16    God:    Cheibriados [......]
Gold:   159        SH:  0    Dex: 19    Spells: 1/7 levels left

rFire    . . .     SeeInvis .     - Unarmed
rCold    . . .     Gourm    .   (shield currently unavailable)
rNeg     . . .     Faith    .   (helmet currently unavailable)
rPois    x         Spirit   .   (no amulet)
rElec    .         Reflect  .   (no ring)
rCorr    .         Harm     .   (no ring)
MR       .....                  (no ring)
Stlth    ++........             (no ring)
Regen    0.1/turn               (no ring)
MPRegen  0.1/turn               (no ring)
                                (no ring)
                                (no ring)

@: spider-form (expiring), very slow
A: almost no armour, stealthy swim, (amphibious), 8 rings, (constrict 8)
a: End Transformation, Bend Time, Renounce Religion


You were in a sewer.
You worshipped Cheibriados.
Cheibriados was noncommittal.
You were not hungry.
You were a venomous arachnid creature.
You visited 1 branch of the dungeon, and saw 3 of its levels.
You also visited: Sewer.

You collected 159 gold pieces.

Inventory:

Hand Weapons
 q - a +0 blowgun
Missiles
 a - 22 arrows
 e - a throwing net (quivered)
 r - 20 poisoned needles
Scrolls
 d - a scroll of teleportation
 f - a scroll of noise {unknown}
Potions
 g - a potion of flight {unknown}
 i - 2 potions of curing {unknown}
 j - a potion of berserk rage {unknown}
 l - 4 potions of haste
 m - 2 potions of heal wounds {unknown}
 n - a potion of brilliance {unknown}
 p - a potion of might {unknown}
 t - 2 potions of invisibility {unknown}
 u - a potion of degeneration {unknown}
Books
 b - a book of Changes

   Spells                             Type                      Level
   a - Beastly Appendage              Transmutation                1
   b - Sticks to Snakes               Transmutation                2
   c - Spider Form                    Transmutation/Poison         3
   d - Ice Form                       Ice/Transmutation            4
   e - Blade Hands                    Transmutation                5
Comestibles
 c - 2 bread rations
 h - a royal jelly
 k - 3 fruits
 o - a meat ration


   Skills:
 - Level 1.0 Fighting
 - Level 2.0 Dodging
 - Level 0.8 Stealth
 - Level 3.3 Unarmed Combat
 - Level 2.0 Spellcasting
 - Level 3.5 Transmutations
 + Level 2.0 Poison Magic
 + Level 0.2 Invocations


You had one spell level left.
You knew the following spells:

 Your Spells              Type           Power        Failure   Level  Hunger
a - Beastly Appendage     Tmut           ##....       14%         1    #......
b - Sticks to Snakes      Tmut           ##......     21%         2    ###....
c - Spider Form           Tmut/Pois      ##........   41%         3    ###....


Dungeon Overview and Level Annotations

Branches:
Dungeon (3/15)

Altars:
Cheibriados
Dithmenos
Nemelex Xobeh


Innate Abilities, Weirdness & Mutations

You cannot wear most types of armour.
You are very stealthy in the water. (Stealth+)
((You are amphibious.))
You can wear up to eight rings at the same time.
((You can use your tentacles to constrict eight enemies at once.))
((Your skin changes colour to match your surroundings (Stealth+).))
((Your rubbery body absorbs attacks. (AC +1, EV +1)))


Message History

The crocodile barely misses you.
Casting: Beastly Appendage
Confirm with . or Enter, or press ? or * to list all spells.
You turn into a venomous arachnid creature.
The crocodile closely misses you.
Unknown command.
You hit the crocodile.
The crocodile is poisoned.
The crocodile is lightly wounded.
The crocodile completely misses you.
You hit the crocodile but do no damage.
The crocodile is lightly wounded.
Your transformation is almost over.
The crocodile bites you!
Ouch! That really hurt!
You hit the crocodile.
The crocodile looks as sick as possible!
The crocodile is heavily wounded.
The crocodile bites you!
Ouch! That really hurt!
You die...

## ##
#%?#.
:≈#≈#
#..≈
##.≈≈##
#≈≈.t≈#
#..≈.s##
#..≈#≈..#
#. ##..##
#.≈.#
##.≈#
#..# #.≈
#≈.# #.≈#
##.≈#
#.≈≈
#...#


You could see a crocodile.

Vanquished Creatures
  2 adders (D:2)
  An ooze (D:2)
  2 dart slugs (D:1)
  7 bats
  2 giant cockroaches
  4 goblins
  4 hobgoblins
  6 jackals
  2 ball pythons
  A frilled lizard (D:2)
  9 kobolds
  11 rats
51 creatures vanquished.

Vanquished Creatures (collateral kills)
  A kobold (D:1)
  A rat (D:2)
2 creatures vanquished.

Grand Total: 53 creatures vanquished

Notes
Turn   | Place    | Note
-------+----------+-------------------------------------------
     0 | D:1      | botchamania the Octopode Transmuter began the quest for the Orb.
     0 | D:1      | Reached XP level 1. HP: 13/13 MP: 3/3
   413 | D:1      | Reached XP level 2. HP: 18/18 MP: 5/5
   640 | D:1      | Learned a level 2 spell: Sticks to Snakes
   785 | D:1      | Reached XP level 3. HP: 22/23 MP: 6/6
  1305 | D:2      | Found a shadowy altar of Dithmenos.
  1729 | D:2      | Learned a level 3 spell: Spider Form
  2117 | D:2      | Reached skill level 1 in Poison Magic
  2121 | D:2      | Reached XP level 4. HP: 23/28 MP: 2/7
  2541 | D:3      | Found a sparkling altar of Nemelex Xobeh.
  2657 | D:3      | Found a snail-covered altar of Cheibriados.
  2677 | D:3      | Became a worshipper of Cheibriados the Contemplative
  2775 | D:3      | Found a glowing drain.
  2785 | Sewer    | Entered a sewer
  3040 | Sewer    | Noticed a crocodile
  3048 | Sewer    | Slain by a crocodile

Skill      XL: |  1  2  3  4 |
---------------+-------------+-----
Transmutations | 3 |  3.5
Poison Magic   | 1 2 |  2.0
Fighting       | |  1.0
Dodging        | |  2.0
Stealth        | |  0.8
Unarmed Combat | |  3.3
Spellcasting   | |  2.0
Invocations    | |  0.2

Action                   |  1- 3 |  4- 6 || total
-------------------------+-------+-------++-------
Melee: Unarmed           |    86 |    28 ||   114
       Constrict         |    22 |     6 ||    28
       Kick              |    15 |     5 ||    20
       Tentacles         |     5 |     4 ||     9
       Punch             |     1 |       ||     1
 Cast: Beastly Appendage |    11 |     3 ||    14
       Sticks to Snakes  |     6 |       ||     6
       Spider Form       |       |     1 ||     1
  Use: Scroll            |     4 |       ||     4
       Potion            |       |     1 ||     1
 Stab: Sleeping          |     8 |     1 ||     9
       Distracted        |     1 |       ||     1
  Eat: Chunk             |     4 |     3 ||     7
Armor: Skin              |    11 |     2 ||    13
Dodge: Dodged            |    57 |    19 ||    76
